[Event "*** Titled Tuesday Blitz"]
[Site "Chess.com"]
[Date "2020.03.03"]
[Round "5"]
[White "szefru"]
[Black "Sordis"]
[Result "0-1"]
[WhiteElo "2162"]
[BlackElo "2350"]
[TimeControl "180+1"]
[EndTime "13:49:33 PST"]
[Termination "Sordis won by checkmate"]

1. b3 c5 2. Bb2 Nc6 3. e3 Nf6 4. f4 g6 5. Nf3 Bg7 6. d3 O-O 7.
Nbd2 d6 8. Be2 Nd5 9. Bxg7 Nxe3 10. Qc1 Kxg7 11. Kf2 Ng4+ 12. Kg3 h5 13. h3 Nf6 14. Qb2 Be6 15. Rhf1 Qd7 16. Nh4 Nd4 17. Rae1 Nf5+ 18. Nxf5+ Bxf5 19. Bf3 Rab8 20. Re2 b5 21. Rfe1 Rfe8 22.
Nf1 a5 23. Ne3 Be6 24. Rf1 d5 25. Ref2 d4 26. f5 dxe3 27. fxe6 Qd6+ 28. Kh4 exf2 29.
Rxf2 Qf4+ 30. g4 g5# 0-1

[Event "*** Titled Tuesday Blitz"]
[Site "Chess.com"]
[Date "2020.03.03"]
[Round "5"]
[White "Nesty_Javi_Chess"]
[Black "Konavets"]
[Result "0-1"]
[WhiteElo "2703"]
[BlackElo "3017"]
[TimeControl "180+1"]
[EndTime "13:49:35 PST"]
[Termination "Konavets won by resignation"]

1. e4 e5 2. Nf3 Nc6 3. d4 exd4 4. Bc4 Nf6 5. O-O Nxe4 6. Re1 d5 7. Bxd5 Qxd5 8. Nc3 Qa5 9. Nxe4 Be6 10. Bd2 Qb6 11. Bg5 h6 12. Bh4 Bb4 13. c3 dxc3 14. bxc3 Be7 15.
Rb1 Qa5 16. Bxe7 Nxe7 17. Nd4 O-O-O 18. Qe2 Bd5 19. Rb5 Qxa2 20. Rb2 Qc4 21. Qg4+ f5 22. Nxf5 Nxf5 23. Qxf5+ Kb8 24. h3 Rhe8 25. Rb4 Qc6 26. f3 a5 27. Rd4 Bxe4 28. Rexe4 Qxc3 29. Rxe8 Qxd4+ 0-1

[Event "*** Titled Tuesday Blitz"]
[Site "Chess.com"]
[Date "2020.03.03"]
[Round "5"]
[White "talman67"]
[Black "Azeryahu"]
[Result "0-1"]
[WhiteElo "2519"]
[BlackElo "2800"]
[TimeControl "180+1"]
[EndTime "13:49:37 PST"]
[Termination "Azeryahu won by resignation"]

1. e4 e5 2. Nf3 Nc6 3. Bb5 Nf6 4. d3 d6 5. c3 Bd7 6. O-O g6 7. h3 Bg7 8. Nbd2 O-O 9. Re1 Qe8 10. Nf1 a6 11. Ba4 Nd4 12. Bxd7 Nxf3+ 13. Qxf3 Nxd7 14. Ne3 c6 15. Nc4 Qe6 16. Be3 f5 17. Na3 d5 18. exd5 cxd5 19. c4 Nf6 20. Bg5 e4 21. cxd5 Qxd5 22. dxe4 Nxe4 23. Rad1 Qxa2 24. Be7 Rf7 25.
Re2 Rxe7 26. Qc3 0-1

[Event "*** Titled Tuesday Blitz"]
[Site "Chess.com"]
[Date "2020.03.03"]
[Round "5"]
[White "lelya96"]
[Black "Witaliss"]
[Result "1/2-1/2"]
[WhiteElo "2297"]
[BlackElo "2416"]
[TimeControl "180+1"]
[EndTime "13:49:45 PST"]
[Termination "Game drawn by repetition"]

1. e4 d5 2. exd5 Nf6 3. Nf3 Nxd5 4. d4 g6 5. c3 Bg7 6. Bc4 O-O 7. O-O Nb6 8. Bb3 Nc6 9. h3 e5 10. Bg5 Qd7 11.
dxe5 Nxe5 12. Nxe5 Bxe5 13. Qxd7 Bxd7 14. Nd2 Kg7 15.
Nf3 Bf6 16. Bf4 c6 17. Rfe1 Rfe8 18. Rad1 Rxe1+ 19. Rxe1 Re8 20. Rd1 Be6 21. g4 Bxb3 22.
axb3 Nd5 23. Bd6 Re2 24. g5 Be7 25. Be5+ Kf8 26. c4 Nb6 27. Kf1 Re4 28. Bc7 f6 29. h4 fxg5 30. hxg5 Ke8 31. Ra1 Nc8 32. Rd1 Nb6 33. Ra1 Nc8 34. Rd1 Nb6 1/2-1/2

[Event "*** Titled Tuesday Blitz"]
[Site "Chess.com"]
[Date "2020.03.03"]
[Round "5"]
[White "tigra"]
[Black "Pechen_Yeltsina"]
[Result "1-0"]
[WhiteElo "2785"]
[BlackElo "2716"]
[TimeControl "180+1"]
[EndTime "13:50:02 PST"]
[Termination "tigra won by checkmate"]

1. e4 g6 2. d4 Bg7 3. Nc3 d6 4. Be3 a6 5. a4 Nd7 6. f4 c5 7. Nf3 cxd4 8. Bxd4 Ngf6 9. e5 dxe5 10. fxe5 Nh5 11. Qd2 Nb8 12. O-O-O Nc6 13. Qe3 Nxd4 14.
Rxd4 Qa5 15. g4 Nf6 16. exf6 Bxf6 17. Nd5 O-O 18. Nxf6+ exf6 19. Bc4 Qc5 20. Bxf7+ Kg7 21. Bb3 b6 22. Re1 Ra7 23. Re4 Qxe3+ 24. R1xe3 Kh6 25.
h4 f5 26. g5+ Kh5 27. Rf4 Bb7 28.
c3 Bxf3 29. Rexf3 h6 30. Rg3 hxg5 31. hxg5 Rd7 32. Rg2 Rfd8 33. Rf1 Rd4 34. cxd4 Rxd4 35. Rh1+ Rh4 36. Bd1# 1-0

[Event "*** Titled Tuesday Blitz"]
[Site "Chess.com"]
[Date "2020.03.03"]
[Round "5"]
[White "Gordima"]
[Black "JozefKneht"]
[Result "1-0"]
[WhiteElo "2792"]
[BlackElo "2568"]
[TimeControl "180+1"]
[EndTime "13:50:02 PST"]
[Termination "Gordima won by resignation"]

1. d4 d5 2. c4 e6 3. Nc3 Nf6 4. cxd5 exd5 5. Bg5 Be7 6. e3 O-O 7. Bd3 c6 8. Nge2 Nbd7 9. Qc2 Re8 10. O-O Nf8 11.
Bh4 Be6 12. f3 Rc8 13. Bf2 a6 14. Rad1 b5 15. h3 c5 16. dxc5 Bxc5 17. Qd2 Qe7 18. Nd4 N8d7 19. Bg3 Nb6 20. Qf2 Qa7 21.
Nce2 Bd7 22. b3 b4 23. Bh4 Be7 24. g4 Be6 25. Nf4 Bd8 26. Bg3 Nbd7 27. g5 1-0

[Event "*** Titled Tuesday Blitz"]
[Site "Chess.com"]
[Date "2020.03.03"]
[Round "5"]
[White "Indianlad"]
[Black "dlp300"]
[Result "1-0"]
[WhiteElo "2935"]
[BlackElo "2661"]
[TimeControl "180+1"]
[EndTime "13:50:05 PST"]
[Termination "Indianlad won by resignation"]

1. c4 Nf6 2. Nc3 e6 3. e4 Nc6 4. d4 Bb4 5. e5 Ne4 6. Qd3 d5 7. a3 Bxc3+ 8. bxc3 O-O 9. Nh3 f6 10. f3 Ng5 11. Nxg5 fxg5 12. Qc2 g4 13. Bd3 gxf3 14. O-O Qh4 15. g3 Qh3 16. Bf4 Na5 17. c5 b6 18. Rxf3 g5 19. Raf1 gxf4 20. gxf4 Qh6 21. Qg2+ Kh8 22. Rh3 Qg7 23. Rxh7+ Qxh7 24. Bxh7 Kxh7 25.
Rf3 1-0

[Event "*** Titled Tuesday Blitz"]
[Site "Chess.com"]
[Date "2020.03.03"]
[Round "5"]
[White "Eliwood44"]
[Black "PrinceMurad09"]
[Result "0-1"]
[WhiteElo "2306"]
[BlackElo "2507"]
[TimeControl "180+1"]
[EndTime "13:50:06 PST"]
[Termination "PrinceMurad09 won by resignation"]

1. d4 Nf6 2. Nf3 g6 3. Bg5 Bg7 4. Nbd2 d5 5. e3 h6 6. Bf4 Nbd7 7. h3 c5 8. c3 cxd4 9. exd4 O-O 10. Bd3 e6 11. O-O a6 12. a4 b6 13. Re1 Bb7 14.
Qe2 Qc8 15. Ne5 Nxe5 16. Bxe5 Ne8 17. Bxg7 Nxg7 18. Qe3 Kh7 19. Nf3 Nf5 20. Bxf5 exf5 21. Ne5 Qe6 22. Qf4 Rfe8 23. h4 Re7 24. Nd3 Qf6 25.
Rxe7 Qxe7 26. a5 bxa5 27. Qe5 Qxe5 28. Nxe5 f6 29. Nd3 Bc6 30. Rxa5 Bb5 31. Nc5 Re8 32. Ra1 Re2 33. Rb1 g5 34. g3 gxh4 35. gxh4 Kg6 36. Kg2 Kh5 37. Kf3 Rd2 38. b3 Bd3 39. Rg1 Be4+ 40.
Ke3 Rc2 41. Na4 f4+ 42. Kxf4 Rxf2+ 43. Ke3 Rf3+ 44. Kd2 Rf2+ 45. Ke3 Rf3+ 46. Kd2 f5 47. c4 Rxb3 48. c5 Rb4 49. Nc3 Rxd4+ 50. Ke2 Rc4 51. Nd1 Rxc5 52. Ne3 d4 53. Nd1 f4 54. Nf2 Rc2+ 55.
Ke1 Bf3 56. Nd3 Re2+ 57. Kf1 Re4 58. Nf2 Re3 59. Nh3 Kxh4 60. Nxf4 Bg4 61. Ng2+ Kg5 62.
Nxe3 dxe3 63. Kg2 e2 64. Ra1 Kf4 65. Rxa6 e1=Q 66. Ra4+ Kg5 67. Ra5+ Kh4 0-1

[Event "*** Titled Tuesday Blitz"]
[Site "Chess.com"]
[Date "2020.03.03"]
[Round "5"]
[White "isla88"]
[Black "PNEPaul"]
[Result "1-0"]
[WhiteElo "2318"]
[BlackElo "1919"]
[TimeControl "180+1"]
[EndTime "13:50:07 PST"]
[Termination "isla88 won by resignation"]

1. c4 a6 2. d4 d6 3. Nc3 g6 4. e4 Nd7 5. h4 h6 6. h5 g5 7. f4 e5 8. fxe5 dxe5 9. d5 Bg7 10.
Be3 Ne7 11. Qd2 f6 12. Nge2 O-O 13. Ng3 b6 14. b4 Bb7 15. c5 bxc5 16. bxc5 Bc8 17. Bc4 Kh7 18. O-O Qe8 19. c6 Nb6 20.
Bxb6 cxb6 21. a4 Bg4 22. Be2 Bxe2 23. Ncxe2 b5 24. axb5 axb5 25. Qb4 Rxa1 26. Rxa1 f5 27. Ra7 Bf6 28. Nxf5 Rf7 29. Nd6 Qb8 30. Rb7 Qa8 31. Nxf7 Qa1+ 32. Kh2 Qf1 33. Rxe7 1-0

[Event "*** Titled Tuesday Blitz"]
[Site "Chess.com"]
[Date "2020.03.03"]
[Round "5"]
[White "MateusViageiro"]
[Black "SanchezKelvin"]
[Result "1-0"]
[WhiteElo "2205"]
[BlackElo "2339"]
[TimeControl "180+1"]
[EndTime "13:50:12 PST"]
[Termination "MateusViageiro won by checkmate"]

1. e4 c5 2. Nf3 d6 3. d4 cxd4 4. Nxd4 Nf6 5. Nc3 g6 6. Be2 Bg7 7. Be3 O-O 8. g4 Nc6 9. g5 Nd7 10. h4 Nxd4 11. Bxd4 Bxd4 12. Qxd4 Qb6 13. O-O-O Qxd4 14. Rxd4 Nb6 15. h5 Be6 16. f4 Rac8 17. Bd3 Rc5 18.
Kd2 Rfc8 19. hxg6 hxg6 20. f5 gxf5 21. exf5 Bxf5 22. Rdh4 Bxd3 23. cxd3 Rxg5 24. Ne4 Rg2+ 25. Ke3 f5 26. Kf3 Rg6 27. Rh8+ Kf7 28. R8h7+ Ke6 29. Ng3 Rf8 30. Re1+ Kd5 31. Rexe7 f4 32. Ne2 Rgf6 33.
Rh5+ Kc6 34. Nd4# 1-0

[Event "*** Titled Tuesday Blitz"]
[Site "Chess.com"]
[Date "2020.03.03"]
[Round "5"]
[White "Godzillator"]
[Black "DenishevM"]
[Result "1-0"]
[WhiteElo "2412"]
[BlackElo "2588"]
[TimeControl "180+1"]
[EndTime "13:50:14 PST"]
[Termination "Godzillator won by resignation"]

1. d4 Nf6 2. c4 c5 3. d5 b5 4. cxb5 a6 5. bxa6 g6 6. Nc3 Bg7 7. e4 O-O 8. Be2 Qa5 9. Bd2 Bxa6 10. Nf3 Qb4 11. Qc2 Bxe2 12. Kxe2 d6 13. Rhb1 Nbd7 14.
h3 Nb6 15. Kf1 Qc4+ 16. Kg1 Qa6 17. a4 Nfd7 18. Nb5 Rfc8 19. Ra3 Qb7 20. b3 c4 21. b4 Nxa4 22. Nxd6 exd6 23. Rxa4 c3 24. Be3 Rxa4 25. Qxa4 Ne5 26. Nd4 Nc4 27. Nc6 Nxe3 28. fxe3 Re8 29. b5 Rxe4 30. Qxe4 1-0

[Event "*** Titled Tuesday Blitz"]
[Site "Chess.com"]
[Date "2020.03.03"]
[Round "5"]
[White "VFernandezB"]
[Black "INLOVEWITHF"]
[Result "0-1"]
[WhiteElo "2258"]
[BlackElo "2416"]
[TimeControl "180+1"]
[EndTime "13:50:17 PST"]
[Termination "INLOVEWITHF won by resignation"]

1. e4 e5 2. Nf3 Nc6 3. Bc4 Nf6 4. d4 exd4 5. Ng5 d5 6. exd5 Ne5 7. Qxd4 Nxc4 8.
Qxc4 Qxd5 9. Qe2+ Be7 10. O-O Bf5 11. Re1 O-O 12. Nc3 Qc6 13. Bf4 Bb4 14. Be5 Ng4 15. Qf3 Qxf3 16. Nxf3 Nxe5 17. Rxe5 Bxc2 18. Nd5 Bd6 19. Re2 Bg6 20. Rae1 f6 21. Nd4 c6 22. Ne7+ Kf7 23. Ndf5 Bxf5 24. Nxf5 Bc5 25. a3 g6 26. Nh6+ Kg7 27. Ng4 h5 28. Ne3 Rfe8 29. b4 Bxe3 30. Rxe3 Kf7 31. f3 Rxe3 32. Rxe3 a5 33. Rd3 axb4 34. axb4 Ke6 35. Kf2 Ra4 36. Rd4 c5 37.
Re4+ Kd5 38. Rf4 f5 39. g4 Rxb4 40. Rxb4 cxb4 41. gxh5 0-1

[Event "*** Titled Tuesday Blitz"]
[Site "Chess.com"]
[Date "2020.03.03"]
[Round "5"]
[White "elisak43"]
[Black "VerdeNotte"]
[Result "0-1"]
[WhiteElo "2517"]
[BlackElo "2760"]
[TimeControl "180+1"]
[EndTime "13:50:18 PST"]
[Termination "VerdeNotte won on time"]

1. Nf3 b6 2. e4 Bb7 3. Nc3 e6 4. d4 Bb4 5. Bd3 Nf6 6. Qe2 d5 7. exd5 Nxd5 8. O-O Nxc3 9. bxc3 Bxc3 10. Bg5 Qd5 11. Rab1 Nd7 12. Rb5 Qd6 13. d5 Bf6 14. Bd2 Nc5 15. c4 Nxd3 16. Qxd3 c6 17. Bb4 Qd7 0-1

[Event "*** Titled Tuesday Blitz"]
[Site "Chess.com"]
[Date "2020.03.03"]
[Round "5"]
[White "HashtagChess"]
[Black "NM2019"]
[Result "0-1"]
[WhiteElo "1595"]
[BlackElo "2033"]
[TimeControl "180+1"]
[EndTime "13:50:24 PST"]
[Termination "NM2019 won by resignation"]

1. e4 c5 2. Nf3 d6 3. d4 cxd4 4. Nxd4 Nf6 5. Nc3 a6 6. Be2 e5 7.
Nb3 Be6 8. Be3 Be7 9. O-O Nbd7 10. f4 Qc7 11. f5 Bc4 12. Kh1 Rc8 13. Bd3 b5 14. a3 Nb6 15. g4 d5 16. g5 Nxe4 17.
Bxe4 dxe4 18. Rg1 Rd8 19. Qh5 g6 20. fxg6 fxg6 21. Qh4 Nd5 22. Nxd5 Bxd5 23. Rad1 O-O 24. Rg3 Bxb3 25. Rxd8 Qxd8 26. Rh3 Qd1+ 27. Bg1 Rf7 28.
cxb3 Qd5 29. Qg4 e3+ 0-1

[Event "*** Titled Tuesday Blitz"]
[Site "Chess.com"]
[Date "2020.03.03"]
[Round "5"]
[White "Eloist"]
[Black "FedaMaster"]
[Result "0-1"]
[WhiteElo "2281"]
[BlackElo "2425"]
[TimeControl "180+1"]
[EndTime "13:50:25 PST"]
[Termination "FedaMaster won by resignation"]

1. e4 c5 2. Nf3 d6 3. Bb5+ Bd7 4.
Bxd7+ Qxd7 5. c4 Nc6 6. d4 cxd4 7. Nxd4 g6 8. Nc3 Bg7 9. Be3 Nf6 10. f3 O-O 11. O-O Nxd4 12. Bxd4 Rfc8 13. Qd3 a6 14. Bxf6 exf6 15. a4 f5 16. Nd5 fxe4 17. Qxe4 Re8 18. Qd3 Qc6 19. Rfe1 Qc5+ 20. Kf1 Bxb2 21. Rab1 Rxe1+ 22. Rxe1 Bg7 23. Qe4 Kh8 24. a5 h5 25. Nb6 Rf8 26.
Qxb7 Qxa5 27. Nd7 Rd8 28. g3 Qf5 29. Nb6 Qd3+ 30. Re2 Re8 0-1

[Event "*** Titled Tuesday Blitz"]
[Site "Chess.com"]
[Date "2020.03.03"]
[Round "5"]
[White "vladislavkovalev"]
[Black "Tjktiger"]
[Result "1-0"]
[WhiteElo "2926"]
[BlackElo "2822"]
[TimeControl "180+1"]
[EndTime "13:50:26 PST"]
[Termination "vladislavkovalev won by resignation"]

1. e4 c5 2. Be2 Nc6 3. d3 d5 4. f4 dxe4 5. dxe4 Qxd1+ 6. Bxd1 e5 7. Nf3 Bd6 8. fxe5 Nxe5 9. Na3 Nf6 10. Nxe5 Bxe5 11. Nc4 Nd7 12. Be3 Bc7 13. Be2 b6 14. O-O-O Bb7 15. Rhe1 Ke7 16. e5 Nxe5 17. Bg5+ f6 18. Nxe5 Bxe5 19. Bc4 Ke8 20. Bf4 Rd8 21. Bxe5 Rxd1+ 22. Rxd1 fxe5 23. Bb5+ 1-0

[Event "*** Titled Tuesday Blitz"]
[Site "Chess.com"]
[Date "2020.03.03"]
[Round "5"]
[White "Marcus_Harvey"]
[Black "atbenina64"]
[Result "0-1"]
[WhiteElo "2736"]
[BlackElo "2536"]
[TimeControl "180+1"]
[EndTime "13:50:30 PST"]
[Termination "atbenina64 won by resignation"]

1. d4 d5 2. Nf3 Nf6 3. Bf4 c5 4. c3 Nc6 5. e3 Qb6 6. Qb3 c4 7.
Qxb6 axb6 8. Nbd2 b5 9. b4 h6 10.
Be2 Bf5 11. Bd1 Ra3 12. Nb1 Bxb1 13. Rxb1 Rxc3 14. a4 e6 15. axb5 Nxb4 16. O-O Ra3 17. Be2 Ne4 18. Ra1 Ra2 19. Rxa2 Nxa2 20. Ra1 Nec3 21.
Bf1 Ba3 22. Nd2 Bb2 23. Re1 Nb4 24. Bxc4 dxc4 25. Nxc4 Nd3 26. Rf1 Nxf4 27. exf4 Ne2+ 28. Kh1 Bxd4 29. Rd1 Bc5 30. Na5 Ke7 31. Nxb7 Bxf2 32.
Rd2 Rc8 33. g3 Rc7 34. Rxe2 Bb6 0-1

[Event "*** Titled Tuesday Blitz"]
[Site "Chess.com"]
[Date "2020.03.03"]
[Round "5"]
[White "Sibelephant"]
[Black "SahajGrover"]
[Result "1-0"]
[WhiteElo "3028"]
[BlackElo "2718"]
[TimeControl "180+1"]
[EndTime "13:50:32 PST"]
[Termination "Sibelephant won by resignation"]

1. Nf3 Nf6 2. c4 e6 3. Nc3 d5 4. e3 a6 5. b3 Bd6 6. Bb2 c6 7. d4 O-O 8. Bd3 Nbd7 9. O-O Qe7 10. e4 dxe4 11. Nxe4 Nxe4 12. Bxe4 e5 13. Re1 f5 14. dxe5 Bb4 15. Bc2 Bxe1 16. Qxe1 Rd8 17. Bxf5 Nf8 18. Bc2 Bg4 19. Nd2 Rd7 20. Ne4 Rad8 21. Nd6 Bh5 22.
Bf5 Rc7 23. Bc3 b6 24. c5 Qg5 25. cxb6 Re7 26. Bd2 Qh4 27. f4 Qxe1+ 28. Bxe1 g5 29. b7 Bg6 30. Bc8 1-0

[Event "*** Titled Tuesday Blitz"]
[Site "Chess.com"]
[Date "2020.03.03"]
[Round "5"]
[White "ElGasanov"]
[Black "Entilza"]
[Result "1-0"]
[WhiteElo "2706"]
[BlackElo "2490"]
[TimeControl "180+1"]
[EndTime "13:50:35 PST"]
[Termination "ElGasanov won by resignation"]

1. d4 Nf6 2. Nf3 e6 3. c4 c5 4. d5 d6 5. Nc3 exd5 6. cxd5 g6 7.
Bg5 Bg7 8. Nd2 h6 9. Bh4 a6 10. e3 b5 11. a4 b4 12. Nce4 O-O 13. Nxf6+ Bxf6 14. Bxf6 Qxf6 15. Nc4 Nd7 16. a5 Ne5 17. Nb6 Ra7 18. Be2 Bd7 19. f4 Ng4 20. Nxd7 Rxd7 21. Bxg4 Re7 22. Qe2 Rfe8 23. O-O Rxe3 24. Qd2 h5 25.
Bf3 Qxf4 26. Bxh5 Qg5 27. Rae1 R8e5 28. Rxe3 Qxe3+ 29. Qxe3 Rxe3 30. Bf3 b3 31. Kf2 Rd3 32. Rd1 Rxd1 33. Bxd1 c4 34. Ke3 1-0

[Event "*** Titled Tuesday Blitz"]
[Site "Chess.com"]
[Date "2020.03.03"]
[Round "5"]
[White "MusicCityMaster"]
[Black "Teidi96"]
[Result "1-0"]
[WhiteElo "2385"]
[BlackElo "2263"]
[TimeControl "180+1"]
[EndTime "13:50:36 PST"]
[Termination "MusicCityMaster won on time"]

1. d4 Nf6 2. c4 g6 3. Nc3 d5 4.
Bf4 Bg7 5. Rc1 O-O 6. e3 c5 7.
dxc5 dxc4 8. Qxd8 Rxd8 9. Bxc4 Nbd7 10. b4 a5 11. a3 axb4 12. axb4 Ra3 13. Nge2 e5 14.
Bg5 h6 15. Bh4 g5 16. Bg3 Nh5 17. Nb5 Ra4 18. Nd6 Nxg3 19. hxg3 Rxb4 20. Nxf7 Rxc4 21. Nxd8 Rxc1+ 22. Nxc1 Nxc5 23. Ke2 Kf8 24. Rd1 Ke8 25. Rd5 1-0

[Event "*** Titled Tuesday Blitz"]
[Site "Chess.com"]
[Date "2020.03.03"]
[Round "5"]
[White "Harry_Rakkel"]
[Black "black_pawn_16"]
[Result "0-1"]
[WhiteElo "2527"]
[BlackElo "2208"]
[TimeControl "180+1"]
[EndTime "13:50:46 PST"]
[Termination "black_pawn_16 won by resignation"]

1. e4 c5 2. Nf3 d6 3. d4 cxd4 4. Nxd4 Nf6 5. Nc3 a6 6. h3 e5 7. Nde2 Be6 8. g4 h6 9. Bg2 Be7 10.
O-O O-O 11. Ng3 Nbd7 12. Kh1 Rc8 13. f4 exf4 14. Bxf4 Re8 15. Nf5 Ne5 16. Qe1 Nc4 17.
Rb1 Bxf5 18. exf5 d5 19. Qd1 d4 20. Ne2 Ne3 21. Bxe3 dxe3 22. Bxb7 Qc7 23. Bxc8 Rxc8 24. Rf3 Ne4 25. Rc1 Nf2+ 26. Rxf2 exf2 27. Kg2 Bh4 28.
c4 Re8 29. Rc2 Rxe2 0-1

[Event "*** Titled Tuesday Blitz"]
[Site "Chess.com"]
[Date "2020.03.03"]
[Round "5"]
[White "aridannie"]
[Black "MiroVlasenko"]
[Result "0-1"]
[WhiteElo "2436"]
[BlackElo "2641"]
[TimeControl "180+1"]
[EndTime "13:50:48 PST"]
[Termination "MiroVlasenko won by resignation"]

1. e4 c5 2. Nf3 a6 3. c3 d5 4. exd5 Qxd5 5. d4 Bg4 6. Be2 e6 7. Be3 cxd4 8. cxd4 Nf6 9. Nc3 Qd8 10. O-O Be7 11. Qb3 b5 12. a4 b4 13. Na2 O-O 14.
h3 Bh5 15. Rac1 Nbd7 16. Rfd1 Nd5 17. Rc6 N7f6 18. Nc1 Qd7 19. Rc2 Qb7 20. Nd3 Nxe3 21. fxe3 Nd5 22. Nc5 Bxc5 23. Rxc5 a5 24. Rdc1 Qe7 25.
Qd3 Bg6 26. Qd2 Be4 27. Kh1 Qf6 28. Rf1 Qh6 29. Ne5 Qxh3+ 0-1

[Event "*** Titled Tuesday Blitz"]
[Site "Chess.com"]
[Date "2020.03.03"]
[Round "5"]
[White "AnkitGajwa"]
[Black "GrigorGrigorov"]
[Result "0-1"]
[WhiteElo "2499"]
[BlackElo "2756"]
[TimeControl "180+1"]
[EndTime "13:50:49 PST"]
[Termination "GrigorGrigorov won by resignation"]

1. e4 c6 2. d4 d5 3. Nd2 dxe4 4. Nxe4 Bf5 5. Ng3 Bg6 6. h4 h6 7. Nf3 e6 8. Ne5 Bh7 9. Bd3 Bxd3 10. Qxd3 Nd7 11. f4 Be7 12. Nh5 Ngf6 13. Nxg7+ Kf8 14.
Nxe6+ fxe6 15. Bd2 Rh7 16. O-O-O Rg7 17. Qh3 Nxe5 18.
fxe5 Ng4 19. Rhf1+ Kg8 20. Rf4 h5 21. Rdf1 Qd5 22. b3 Rf8 23. c4 Qd7 24. Qd3 Rxf4 25. Rxf4 Bxh4 26. Qf3 Rf7 27. g3 Bg5 28. Rxg4 Rxf3 29.
Rxg5+ Kf7 0-1

[Event "*** Titled Tuesday Blitz"]
[Site "Chess.com"]
[Date "2020.03.03"]
[Round "5"]
[White "renehp"]
[Black "silverback96"]
[Result "0-1"]
[WhiteElo "2311"]
[BlackElo "2058"]
[TimeControl "180+1"]
[EndTime "13:50:49 PST"]
[Termination "silverback96 won by resignation"]

1. e4 c6 2. Nf3 d5 3. d3 dxe4 4. dxe4 Qxd1+ 5. Kxd1 Nf6 6. Bd3 Nfd7 7. Ke2 e6 8. Nc3 Be7 9. Bf4 h6 10. Rad1 g5 11.
Bg3 O-O 12. h4 g4 13. Nh2 f5 14. exf5 exf5 15. Bf4 Kg7 16. Nf1 Nf6 17. Ne3 Nh5 18. Be5+ Bf6 19. Bxf6+ Rxf6 20. g3 f4 21. Nf1 Be6 22. Ne4 Rf8 23. Kd2 Nd7 24. Rg1 Ne5 25.
Nc5 Bd5 26. gxf4 Nf3+ 27. Kc3 Nxg1 28. Ne3 Nf3 29. Nxg4 Nxf4 30. Ne3 Nxd3 31. cxd3 b6 32. Na6 Rac8 33. Nb4 Rfd8 34. Nf5+ Kf6 35. Nxh6 Be6 36. d4 Rh8 37. Rd3 Ng1 38. Rg3 Ne2+ 0-1

[Event "*** Titled Tuesday Blitz"]
[Site "Chess.com"]
[Date "2020.03.03"]
[Round "5"]
[White "TST2014"]
[Black "djano"]
[Result "0-1"]
[WhiteElo "2577"]
[BlackElo "2395"]
[TimeControl "180+1"]
[EndTime "13:50:51 PST"]
[Termination "djano won on time"]

1. d4 Nf6 2. c4 e6 3. Nf3 b6 4. a3 Ba6 5. Qc2 d5 6. cxd5 exd5 7. g3 Be7 8. Bg2 O-O 9. Nc3 c5 10. O-O Nc6 11. dxc5 bxc5 12. Rd1 Re8 13. Ng5 Nd4 14. Rxd4 cxd4 15. Nxd5 d3 16. Nxe7+ Rxe7 17. exd3 Re1+ 18. Bf1 Qxd3 19. Qxd3 Bxd3 20. Kg2 Bxf1+ 21. Kf3 h6 22. Nxf7 Kxf7 23. Bd2 Rxa1 24. Bc3 Nd5 25. Bd4 Re8 26. g4 Be2+ 27. Kg3 Rg1+ 28. Kh3 Nf4+ 0-1

[Event "*** Titled Tuesday Blitz"]
[Site "Chess.com"]
[Date "2020.03.03"]
[Round "5"]
[White "HanSchut"]
[Black "ehrenfeld"]
[Result "0-1"]
[WhiteElo "2295"]
[BlackElo "2483"]
[TimeControl "180+1"]
[EndTime "13:50:51 PST"]
[Termination "ehrenfeld won by checkmate"]

1. e4 e5 2. Nf3 Nc6 3. Bc4 Nf6 4. d4 exd4 5. e5 d5 6. Bb5 Ne4 7. Nxd4 Bd7 8. Bxc6 bxc6 9. O-O Bc5 10. f3 Ng5 11. Be3 Bb6 12. f4 Ne4 13. Nd2 c5 14. N4f3 Bf5 15.
Nxe4 Bxe4 16. Ng5 Bf5 17. g4 Bc8 18. f5 h6 19. Nf3 d4 20. Bf2 h5 21. e6 fxe6 22.
fxe6 hxg4 23. Ng5 Bb7 24. Qxg4 Qd5 25. Be3 dxe3 26. Rad1 Qh1# 0-1

[Event "*** Titled Tuesday Blitz"]
[Site "Chess.com"]
[Date "2020.03.03"]
[Round "5"]
[White "davigator"]
[Black "Gogolev_Artemy"]
[Result "1-0"]
[WhiteElo "2311"]
[BlackElo "2450"]
[TimeControl "180+1"]
[EndTime "13:50:53 PST"]
[Termination "davigator won by resignation"]

1. e4 c5 2. Nf3 d6 3. d4 cxd4 4. Nxd4 Nf6 5. Nc3 a6 6. Bg5 e6 7.
f4 Be7 8. Qd2 Qc7 9. O-O-O b5 10. Bd3 Bb7 11. a3 Nbd7 12. Rhe1 Nc5 13. Kb1 Rc8 14. Nf3 d5 15. e5 Nfe4 16. Bxe4 Nxe4 17.
Nxe4 dxe4 18. Bxe7 Qxe7 19. Ng5 Rc4 20. b3 Rc7 21. Kb2 O-O 22. Nxe4 Rfc8 23. Rc1 Bxe4 24. Rxe4 Qc5 25. Rd4 h6 26. b4 Qc6 27. g3 Qf3 28.
Rd8+ Kh7 29. Rxc8 Rxc8 30. Qd3+ Qxd3 31. cxd3 Rxc1 32. Kxc1 g5 33. Kd2 Kg6 34. Ke3 Kf5 35. Kf3 h5 36. h3 g4+ 37. hxg4+ hxg4+ 38. Ke3 Kg6 39. Ke4 Kg7 40. d4 Kf8 41. d5 Ke7 42. d6+ Kd7 43. f5 Kc6 44. fxe6 fxe6 45. Kf4 a5 46.
Kxg4 1-0

[Event "*** Titled Tuesday Blitz"]
[Site "Chess.com"]
[Date "2020.03.03"]
[Round "5"]
[White "kismet6"]
[Black "Resignify"]
[Result "0-1"]
[WhiteElo "1983"]
[BlackElo "2212"]
[TimeControl "180+1"]
[EndTime "13:50:54 PST"]
[Termination "Resignify won by resignation"]

1. e4 d6 2. d4 Nf6 3. Nc3 g6 4. Be3 Bg7 5. f3 Nbd7 6. Qd2 h6 7.
O-O-O c6 8. g4 e5 9. g5 hxg5 10. Bxg5 Qa5 11. Kb1 exd4 12. Qxd4 Qxg5 13. Qxd6 Qc5 14.
Qd2 O-O 15. h4 Ne5 16. f4 Nc4 17. Qe2 Nxb2 18. Kxb2 Qb4+ 19. Kc1 Qxc3 20. e5 Bg4 21.
exf6 Bxe2 22. fxg7 Qa1+ 23. Kd2 Qxd1+ 0-1

[Event "*** Titled Tuesday Blitz"]
[Site "Chess.com"]
[Date "2020.03.03"]
[Round "5"]
[White "JoakimVonAnd"]
[Black "Megagigahiper3345"]
[Result "1/2-1/2"]
[WhiteElo "2525"]
[BlackElo "2124"]
[TimeControl "180+1"]
[EndTime "13:50:56 PST"]
[Termination "Game drawn by repetition"]

1. d4 d5 2. Nf3 Nf6 3. Bf4 c5 4. c3 Qb6 5. Qb3 Nc6 6. Qxb6 axb6 7. e3 c4 8. Na3 Ra5 9. Nc2 Bf5 10. Nb4 Nxb4 11.
cxb4 Ra4 12. a3 e6 13. b3 Bxb4+ 14. Kd1 cxb3 15. Bb5+ Kd8 16. Bxa4 b2 17. Ke2 bxa1=Q 18. Rxa1 Be7 19. Rc1 Ne8 20. Ne5 Bg6 21. Bd7 Nd6 22. Nxg6 hxg6 23. Bxd6 Kxd7 24. Bxe7 Kxe7 25. Rc7+ Kf6 26.
Rxb7 Rxh2 27. g3 Rh8 28. Rxb6 Ra8 29. Rb3 Kf5 30. f3 g5 31. g4+ Kg6 32. Kd2 f5 33. gxf5+ Kxf5 34. Kc2 g4 35. fxg4+ Kxg4 36. Kb2 g5 37. Rb6 Kf5 38. Rb7 Ke4 39. Re7 Kxe3 40.
Rxe6+ Kxd4 41. Rg6 Rb8+ 42. Kc2 Rc8+ 43. Kd2 Ra8 44. Rxg5 Rxa3 45. Rg4+ Kc5 46. Rg5 Rh3 47. Rg4 d4 48. Rg8 Rh2+ 49. Kd3 Rh3+ 50. Kd2 Rh5 51. Kd3 Rh3+ 52. Kd2 1/2-1/2

[Event "*** Titled Tuesday Blitz"]
[Site "Chess.com"]
[Date "2020.03.03"]
[Round "5"]
[White "VeraNebolsina"]
[Black "DonBroca"]
[Result "1-0"]
[WhiteElo "2330"]
[BlackElo "2037"]
[TimeControl "180+1"]
[EndTime "13:50:57 PST"]
[Termination "VeraNebolsina won on time"]

1. e4 c5 2. Nc3 d6 3. Bc4 e6 4. f4 Nc6 5. Nf3 a6 6. a4 g6 7. O-O Bg7 8. d3 Nge7 9. Qe1 h6 10. Qh4 f5 11. exf5 Nxf5 12. Qg4 Qf6 13. Ne4 Qf7 14. Qxf5 Qxf5 15. Nxd6+ Kd8 16. Nxf5 gxf5 17.
Re1 Nd4 18. Nxd4 Bxd4+ 19. Kf1 Ke7 20. c3 Bf6 21. Be3 b6 22. a5 Bb7 23. axb6 Rhg8 24. Bxc5+ Kd8 25. g3 h5 26. Rxe6 1-0